 Dungeon Crawl Stone Soup version 0.29.0-4-gdea44cf6ec (webtiles) character file.

Game seed: 6270200316615426643

8372 qw the Grappler (level 11, -5/105 HPs)
             Began as a Troll Cinder Acolyte on Sept 1, 2022.
             Was a Believer of Ignis.
             Slain by an orc warrior
             ... wielding a +0 halberd
              (10 damage)
             ... on level 9 of the Dungeon.
             The game lasted 00:03:34 (7773 turns).

qw the Grappler (Troll Cinder Acolyte)              Turns: 7773, Time: 00:03:35

Health: -5/105     AC: 13    Str: 28    XL:     11   Next: 9%
Magic:  11/11      EV: 10    Int: 10    God:    Ignis [**....]
Gold:   535        SH:  0    Dex: 12    Spells: 12/12 levels left

rFire   + + .      SeeInvis .     - Unarmed
rCold   . . .      Faith    .   (no shield)
rNeg    . . .      Spirit   .   m - +2 robe {Archmagi}
rPois   .          Reflect  .   (helmet restricted)
rElec   .          Harm     .   a - scarf {repulsion}
rCorr   .          Rampage  .   (gloves unavailable)
Will    .....      Archmagi +   (boots unavailable)
Stlth   +.........              g - amulet of regeneration
HPRegen 1.87/turn               k - ring of protection from cold
MPRegen 0.12/turn               l - ring "Cokumac" {Fire Dex+7}

@: fiery-armoured, repel missiles
A: large, unfitting armour, claws 3, regeneration 1, shaggy fur 1, tough skin 1
a: Renounce Religion, Fiery Armour, Foxfire Swarm, Rising Flame


You were on level 9 of the Dungeon.
You worshipped Ignis.
Ignis was pleased with you.
You visited 1 branch of the dungeon, and saw 9 of its levels.

You collected 769 gold pieces.
You spent 234 gold pieces at shops.


Innate Abilities, Weirdness & Mutations

You are too large for most types of armour.
You have claws for hands.
Your natural rate of healing is unusually fast.
You are covered in fur. (AC +1)
You have tough skin. (AC +1)


   Skills:
 - Level 6.1 Fighting
 + Level 5.9 Throwing
 - Level 3.0 Dodging
 - Level 14.0 Unarmed Combat
 - Level 1.0 Spellcasting
 - Level 2.1 Fire Magic


You had 12 spell levels left.
You didn't know any spells.
Your spell library contained the following spells:

 Spells                   Type           Power      Damage    Failure   Level
 Scorch                   Fire           20%        2d6       22%         2

Inventory:

Missiles
 e - 9 boomerangs
 r - 3 large rocks (quivered)
Armour
 a - a scarf of repulsion (worn)
 m - a +2 robe of the Archmagi (worn)
Jewellery
 c - a ring of fire
 g - an amulet of regeneration (around neck)
 k - a ring of protection from cold (left claw)
 l - the ring "Cokumac" (right claw) {Fire Dex+7}
   (You found it on level 7 of the Dungeon)

   [ring of fire]

   It enhances your fire magic.
   Dex:       It affects your dexterity (+7).
   rF:        It protects you from fire.
   rC:        It makes you vulnerable to cold.
Scrolls
 j - a scroll of identify
 q - a scroll of brand weapon
Potions
 b - a potion of might
 f - a potion of resistance
 h - 5 potions of curing
 i - a potion of mutation
 o - a potion of cancellation
 p - a potion of invisibility {unknown}

Dungeon Overview and Level Annotations

Branches:
Dungeon (9/15)             Temple (0/1) D:7
   Lair: D:8-11         Orc: D:9-12

Altars:
Ashenzari
Cheibriados
Dithmenos
Fedhas
Hepliaklqana

Shops:
D:5 (   D:6 *   D:7 [

Annotations:
D:2 1 runed translucent door, Crazy Yiuf


Message History

The orc warrior is burned by your cloak of flames.
The orc warrior is moderately wounded.
7765 ||| Stepping ~*~*~tactically~*~*~ (outnumbered).
The orc warrior attacks as you move away!
The orc warrior hits you with a +0 long sword!
You feel sick.
7766 ||| DRINKING potion of heal wounds.
You feel much better.
You feel sick.
The orc warrior shoots a bolt.
The bolt misses you.
7767 ||| Stepping ~*~*~tactically~*~*~ (outnumbered).
You feel sick.
You claw the orc warrior!
The orc warrior is heavily wounded.
You feel sick.
The orc warrior shoots a bolt.
The bolt closely misses you.
The orc warrior hits you with a +0 long sword!
The orc warrior is burned by your cloak of flames.
The orc warrior is heavily wounded.
7769 ||| Stepping ~*~*~tactically~*~*~ (outnumbered).
The orc warrior attacks as you move away!
The orc warrior hits you with a +0 long sword!
The orc warrior is burned by your cloak of flames.
The orc warrior is heavily wounded.
You feel sick.
You are no longer poisoned.
The orc warrior shoots a bolt.
The bolt hits you.
You mangle the orc warrior!!
You kill the orc warrior!
The orc hits you but does no damage.
7772 ||| Stepping ~*~*~tactically~*~*~ (outnumbered).
The orc attacks as you move away! The orc hits you but does no damage.
The orc is burned by your cloak of flames.
The orc is heavily wounded.
The orc warrior hits you from afar with a +0 halberd!
The orc priest mumbles some strange prayers to Beogh against you.
Beogh smites you!
You hear a shout!
You barely miss the orc.
The orc is heavily wounded.
The orc warrior hits you from afar with a +0 halberd!
You die...

# #. ..
###..############..#
.......@ooo..........
.......o.............8
.###.#.oooo....!.....#
# #...o...........#
#.....o.........#
#...............#
#...............#.
#...........).....8.
#..........).)....'.


You could see 2 orc warriors, an orc priest and 7 orcs.

Vanquished Creatures
  A two-headed ogre (D:8)
  A centaur warrior (D:8)
  2 ugly things (D:8)
  A deep elf pyromancer (D:8)
  A centaur zombie (D:9)
  A cyclops (D:8)
  3 centaur skeletons (D:9)
  An unseen horror (D:8)
  An efreet (D:8)
  A hornet (D:8)
  Grinder (D:4)
  A harpy skeleton (D:9)
  A wyvern (D:5)
  A steam dragon (D:8)
  A water moccasin (D:8)
  4 orc warriors
  A sky beast (D:6)
  An ice beast (D:6)
  A black bear (D:4)
  A centaur (D:6)
  2 ogres
  2 phantoms (D:5)
  4 bullfrogs
  A necrophage (D:6)
  A gnoll sergeant (D:7)
  2 scorpions (D:5)
  4 wights (D:8)
  7 killer bees
  5 howler monkeys
  2 hounds
  4 orc priests (D:5)
  2 jellies (D:7)
  2 iguanas
  5 orc wizards
  Natasha (thrice) (D:2)
  A boggart skeleton (D:9)
  8 adders
  12 gnolls
  A shadow imp (D:8)
  A white imp (D:7)
  A worm (D:3)
  19 orcs
  6 bats
  2 endoplasms
  2 giant cockroaches
  4 goblins
  2 hobgoblins (D:2)
  4 jackals (D:2)
  3 quokkas
  3 training dummies (D:5)
  6 ball pythons
  3 frilled lizards
  7 kobolds
  4 rats
161 creatures vanquished.

Vanquished Creatures (others)
  An orc wizard (D:3)
  A fungus (D:2)
2 creatures vanquished.

Grand Total: 163 creatures vanquished

Notes
Turn   | Place    | Note
-------+----------+-------------------------------------------
     0 | D:1      | qw the Troll Cinder Acolyte began the quest for the Orb.
     0 | D:1      | Reached XP level 1. HP: 22/22 MP: 1/1
     0 | D:1      | 0 ||| qw: Version: 0.1-a-97-g2dd2ca4
     0 | D:1      | 0 ||| qw: Game counter: 4784
     0 | D:1      | 0 ||| qw: Always use a shield: true
     0 | D:1      | 0 ||| qw: God list: Okawaru
     0 | D:1      | 0 ||| qw: Allow faded altars: false
     0 | D:1      | 0 ||| qw: Do Orc after D:15 true
     0 | D:1      | 0 ||| qw: Do second Lair branch before Depths: true
     0 | D:1      | 0 ||| qw: Lair rune preference: random
     0 | D:1      | 0 ||| qw: Plans: Normal
     0 | D:1      | 0 ||| PLANNING D:1-11
   123 | D:1      | 123 ||| Stepping ~*~*~tactically~*~*~ (stealth).
   182 | D:1      | Found a faded altar of an unknown god.
   341 | D:1      | Reached XP level 2. HP: 29/29 MP: 2/2
   816 | D:1      | 816 ||| READING scroll labelled EPEINKYMELL.
   820 | D:1      | 820 ||| READING scroll labelled QULLUO QILLY.
   821 | D:1      | 821 ||| READING scroll labelled QOUNLISEKI.
   822 | D:1      | 822 ||| READING scroll labelled JELATEFEAL.
   823 | D:1      | 823 ||| DRINKING 2 viscous orange potions.
   824 | D:1      | 824 ||| DROPPING potion of degeneration.
   825 | D:1      | 825 ||| Stepping randomly (stuck).
   826 | D:1      | 826 ||| Stepping ~*~*~tactically~*~*~ (cloud).
   934 | D:2      | 934 ||| Stepping ~*~*~tactically~*~*~ (outnumbered).
   935 | D:2      | 935 ||| Stepping ~*~*~tactically~*~*~ (outnumbered).
   952 | D:2      | 952 ||| Stepping ~*~*~tactically~*~*~ (stealth).
   956 | D:2      | 956 ||| Stepping ~*~*~tactically~*~*~ (stealth).
   964 | D:2      | Reached skill level 1 in Throwing
   970 | D:2      | 970 ||| Stepping ~*~*~tactically~*~*~ (hiding).
   977 | D:2      | 977 ||| INVOKING Fiery Armour.
   980 | D:2      | Reached skill level 4 in Unarmed Combat
   980 | D:2      | Reached XP level 3. HP: 33/36 MP: 3/3
   984 | D:2      | 984 ||| Stepping ~*~*~tactically~*~*~ (stealth).
  1167 | D:2      | 1167 ||| Stepping ~*~*~tactically~*~*~ (stealth).
  1169 | D:2      | 1169 ||| INVOKING Fiery Armour.
  1173 | D:2      | Reached XP level 4. HP: 44/44 MP: 4/4
  1180 | D:2      | Reached skill level 5 in Unarmed Combat
  1249 | D:2      | Identified the +7 hammer of the Keeping Gods {venom, rElec
                  | rC+}
  1250 | D:2      | Found a runed translucent door.
  1251 | D:2      | Noticed Crazy Yiuf
  1551 | D:2      | Noticed Natasha
  1552 | D:2      | 1552 ||| Stepping ~*~*~tactically~*~*~ (hiding).
  1560 | D:2      | Killed Natasha
  1675 | D:2      | Noticed Natasha
  1677 | D:2      | 1677 ||| Stepping ~*~*~tactically~*~*~ (hiding).
  1681 | D:2      | Killed Natasha
  1682 | D:2      | Reached XP level 5. HP: 48/50 MP: 5/5
  1796 | D:2      | Noticed Natasha
  1803 | D:2      | Killed Natasha
  1820 | D:2      | 1820 ||| READING scroll labelled PURAXZUOP.
  1821 | D:2      | 1821 ||| READING 2 scrolls labelled ZUSUCHU UMEM.
  1922 | D:2      | 1922 ||| READING 2 scrolls labelled KAIRUZX JITHIG.
  1923 | D:2      | 1923 ||| READING scroll labelled QIUL KITWEOSYTT.
  1924 | D:2      | 1924 ||| READING scroll labelled YWINIBBAOXA.
  1925 | D:2      | 1925 ||| READING 2 scrolls labelled SIAMASM JUMETO.
  1926 | D:2      | 1926 ||| DRINKING 2 bubbling coppery potions.
  1927 | D:2      | 1927 ||| DROPPING scroll of silence.
  1928 | D:2      | 1928 ||| DROPPING scroll of noise.
  1943 | D:3      | 1943 ||| STAIRDANCE
  2024 | D:3      | Reached skill level 6 in Unarmed Combat
  2032 | D:3      | Found a snail-covered altar of Cheibriados.
  2127 | D:3      | 2127 ||| FLEEEEING.
  2128 | D:3      | 2128 ||| FLEEEEING.
  2129 | D:3      | 2129 ||| FLEEEEING.
  2492 | D:3      | 2492 ||| READING scroll labelled HIOQUI UQYMILL.
  2493 | D:3      | 2493 ||| DRINKING 2 pink potions.
  2565 | D:4      | Noticed Grinder
  2565 | D:4      | Paralysed by Grinder for 3 turns
  2568 | D:4      | 2568 ||| Stepping ~*~*~tactically~*~*~ (hiding).
  2577 | D:4      | Killed Grinder
  2578 | D:4      | Reached skill level 7 in Unarmed Combat
  2578 | D:4      | Reached XP level 6. HP: 53/59 MP: 6/6
  2694 | D:4      | 2694 ||| Stepping ~*~*~tactically~*~*~ (hiding).
  2696 | D:4      | 2696 ||| Stepping ~*~*~tactically~*~*~ (hiding).
  2789 | D:4      | Reached XP level 7. HP: 66/66 MP: 7/7
  2837 | D:4      | 2837 ||| Stepping ~*~*~tactically~*~*~ (stealth).
  2844 | D:4      | Reached skill level 8 in Unarmed Combat
  2844 | D:4      | 2844 ||| Stepping ~*~*~tactically~*~*~ (stealth).
  2982 | D:4      | Reached skill level 3 in Fighting
  3267 | D:4      | 3267 ||| DROPPING ring of magical power.
  3268 | D:4      | 3268 ||| DRINKING 2 fuming black potions.
  3269 | D:4      | 3269 ||| READING 2 scrolls of identify.
  3269 | D:4      | 3269 ||| IDENTIFYING bubbling orange potion
  3270 | D:4      | 3270 ||| DROPPING potion of attraction.
  3273 | D:5      | Entered Level 5 of the Dungeon
  3522 | D:5      | Noticed a wyvern
  3523 | D:5      | Killed a wyvern
  3524 | D:5      | Reached skill level 3 in Throwing
  3550 | D:5      | 3550 ||| Stepping ~*~*~tactically~*~*~ (stealth).
  3554 | D:5      | 3554 ||| Stepping ~*~*~tactically~*~*~ (hiding).
  3619 | D:5      | Reached XP level 8. HP: 75/75 MP: 8/8
  3640 | D:5      | Found Zeer's Firing Range.
  3672 | D:5      | 3672 ||| Stepping ~*~*~tactically~*~*~ (hiding).
  3673 | D:5      | 3673 ||| Stepping ~*~*~tactically~*~*~ (hiding).
  3677 | D:5      | 3677 ||| INVOKING Fiery Armour.
  3679 | D:5      | 3679 ||| Stepping ~*~*~tactically~*~*~ (outnumbered).
  3681 | D:5      | 3681 ||| Stepping ~*~*~tactically~*~*~ (outnumbered).
  3805 | D:5      | Reached skill level 9 in Unarmed Combat
  3859 | D:5      | Reached skill level 1 in Dodging
  4217 | D:5      | 4217 ||| UPGRADING to +2 robe of the Archmagi.
  4227 | D:5      | 4227 ||| DROPPING +0 robe.
  4228 | D:5      | 4228 ||| READING scroll labelled PUOH PYQOS.
  4229 | D:5      | 4229 ||| READING scroll labelled JISAER UDYSME.
  4264 | D:5      | 4264 ||| DRINKING 2 sapphire potions.
  4265 | D:5      | 4265 ||| READING 3 scrolls of identify.
  4265 | D:5      | 4265 ||| IDENTIFYING coppery potion
  4266 | D:5      | 4266 ||| READING 2 scrolls of identify.
  4266 | D:5      | 4266 ||| IDENTIFYING fuming green potion
  4267 | D:5      | 4267 ||| DROPPING potion of brilliance.
  4268 | D:5      | 4268 ||| DROPPING potion of lignification.
  4386 | D:6      | 4386 ||| FLEEEEING.
  4394 | D:6      | 4394 ||| STAIRDANCE
  4452 | D:6      | Found a blossoming altar of Fedhas.
  4455 | D:6      | Found a broken altar of Ashenzari.
  4562 | D:6      | 4562 ||| Stepping ~*~*~tactically~*~*~ (outnumbered).
  4563 | D:6      | 4563 ||| Stepping ~*~*~tactically~*~*~ (outnumbered).
  4564 | D:6      | 4564 ||| Stepping ~*~*~tactically~*~*~ (outnumbered).
  4565 | D:6      | 4565 ||| Stepping ~*~*~tactically~*~*~ (outnumbered).
  4566 | D:6      | 4566 ||| Stepping ~*~*~tactically~*~*~ (outnumbered).
  4567 | D:6      | 4567 ||| Stepping ~*~*~tactically~*~*~ (outnumbered).
  4570 | D:6      | Reached skill level 10 in Unarmed Combat
  4648 | D:6      | Found a hazy altar of Hepliaklqana.
  4786 | D:6      | Found a shadowy altar of Dithmenos.
  4798 | D:6      | 4798 ||| INVOKING Fiery Armour.
  5022 | D:6      | Found Giudduat's General Store.
  5028 | D:6      | 5028 ||| BUYING potion of curing (33 gold).
  5028 | D:6      | Bought a potion of curing for 33 gold pieces
  5028 | D:6      | 5028 ||| BUYING scroll of teleportation (33 gold).
  5028 | D:6      | Bought a scroll of teleportation for 33 gold pieces
  5100 | D:6      | Reached XP level 9. HP: 79/84 MP: 9/9
  5263 | D:6      | 5263 ||| UPGRADING to amulet of regeneration.
  5268 | D:6      | 5268 ||| READING 4 scrolls labelled YLEKKAY LOELUY.
  5269 | D:6      | 5269 ||| READING 4 scrolls of identify.
  5269 | D:6      | 5269 ||| IDENTIFYING cyan potion
  5270 | D:6      | 5270 ||| READING 3 scrolls of identify.
  5270 | D:6      | 5270 ||| IDENTIFYING grey potion
  5271 | D:6      | 5271 ||| READING 2 scrolls of identify.
  5271 | D:6      | 5271 ||| IDENTIFYING blue potion
  5272 | D:6      | 5272 ||| DROPPING potion of magic.
  5273 | D:6      | 5273 ||| DROPPING potion of berserk rage.
  5274 | D:6      | 5274 ||| DROPPING 3 scrolls of blinking.
  5309 | D:6      | 5309 ||| READING 3 scrolls of teleportation.
  5310 | D:6      | 5310 ||| STAIRDANCE
  5382 | D:7      | 5382 ||| Stepping ~*~*~tactically~*~*~ (stealth).
  5385 | D:7      | 5385 ||| INVOKING Fiery Armour.
  5386 | D:7      | 5386 ||| Stepping ~*~*~tactically~*~*~ (outnumbered).
  5387 | D:7      | 5387 ||| Stepping ~*~*~tactically~*~*~ (outnumbered).
  5391 | D:7      | Reached skill level 11 in Unarmed Combat
  5454 | D:7      | Found a staircase to the Ecumenical Temple.
  5464 | D:7      | Found Paafid's Armour Emporium.
  5472 | D:7      | 5472 ||| SHOPLISTING +2 shadow dragon scales of Nijak
                  | {Int+6 Stlth++++} (1493 gold, have 519).
  5472 | D:7      | 5472 ||| BUYING scarf of repulsion (168 gold).
  5472 | D:7      | Bought a scarf of repulsion for 168 gold pieces
  5516 | D:7      | Identified the ring "Cokumac" {Fire Dex+7}
  6378 | D:7      | 6378 ||| UPGRADING to scarf of repulsion.
  6383 | D:7      | 6383 ||| UPGRADING to ring of protection from cold.
  6384 | D:7      | 6384 ||| UPGRADING to ring "Cokumac" {Fire Dex+7}.
  6385 | D:7      | 6385 ||| READING scroll labelled NAS CESYDGH.
  6386 | D:7      | 6386 ||| DRINKING 2 red potions.
  6487 | D:7      | 6487 ||| DROPPING potion of ambrosia.
  6502 | D:6      | 6502 ||| READING 3 scrolls of teleportation.
  6653 | D:8      | 6653 ||| Stepping ~*~*~tactically~*~*~ (stealth).
  6654 | D:8      | 6654 ||| Stepping ~*~*~tactically~*~*~ (stealth).
  6655 | D:8      | 6655 ||| Stepping ~*~*~tactically~*~*~ (stealth).
  6675 | D:8      | 6675 ||| FLEEEEING.
  6678 | D:8      | 6678 ||| STAIRDANCE
  6695 | D:8      | 6695 ||| Stepping ~*~*~tactically~*~*~ (stealth).
  6868 | D:8      | Reached skill level 12 in Unarmed Combat
  6913 | D:8      | Noticed a two-headed ogre
  6919 | D:8      | 6919 ||| INVOKING Fiery Armour.
  6921 | D:8      | Killed a two-headed ogre
  6923 | D:8      | 6923 ||| FLEEEEING.
  7104 | D:8      | Paralysed by a hornet for 2 turns
  7112 | D:8      | Reached XP level 10. HP: 84/98 MP: 10/10
  7221 | D:8      | Noticed a green ugly thing
  7229 | D:8      | Killed a green ugly thing
  7279 | D:8      | Reached skill level 13 in Unarmed Combat
  7306 | D:8      | Noticed a deep elf pyromancer
  7308 | D:8      | Noticed a brown ugly thing
  7310 | D:8      | Reached skill level 3 in Dodging
  7315 | D:8      | 7315 ||| INVOKING Fiery Armour.
  7318 | D:8      | HP: 24/98 [deep elf pyromancer/+0 rapier (7)]
  7319 | D:8      | 7319 ||| READING 2 scrolls of teleportation.
  7320 | D:8      | 7320 ||| DRINKING 3 potions of heal wounds.
  7323 | D:8      | 7323 ||| DRINKING 2 potions of heal wounds.
  7499 | D:8      | Noticed a centaur warrior
  7502 | D:8      | Noticed a cyclops
  7503 | D:8      | 7503 ||| Stepping ~*~*~tactically~*~*~ (stealth).
  7507 | D:8      | Killed a brown ugly thing
  7516 | D:8      | Killed a cyclops
  7527 | D:8      | Identified the +1 leather armour of New Discoveries
                  | {Rampage rC+ Dex+4}
  7528 | D:8      | 7528 ||| Stepping ~*~*~tactically~*~*~ (stealth).
  7544 | D:8      | 7544 ||| Stepping ~*~*~tactically~*~*~ (stealth).
  7545 | D:8      | 7545 ||| Stepping ~*~*~tactically~*~*~ (stealth).
  7554 | D:8      | Killed a deep elf pyromancer
  7566 | D:8      | 7566 ||| Stepping ~*~*~tactically~*~*~ (hiding).
  7570 | D:8      | Killed a centaur warrior
  7603 | D:8      | 7603 ||| READING 2 scrolls of identify.
  7603 | D:8      | 7603 ||| IDENTIFYING lumpy cyan potion
  7672 | D:9      | 7672 ||| Stepping ~*~*~tactically~*~*~ (stealth).
  7685 | D:9      | Reached skill level 14 in Unarmed Combat
  7692 | D:9      | Reached XP level 11. HP: 65/105 MP: 11/11
  7701 | D:9      | Reached skill level 6 in Fighting
  7725 | D:9      | 7725 ||| READING scroll of teleportation.
  7727 | D:9      | 7727 ||| FLEEEEING.
  7734 | D:9      | 7734 ||| Stepping ~*~*~tactically~*~*~ (outnumbered).
  7752 | D:9      | 7752 ||| INVOKING Fiery Armour.
  7753 | D:9      | Identified the ring "Filat" {rN+++ MP-9 AC+4 Int-5 Dex+3}
  7756 | D:9      | 7756 ||| Stepping ~*~*~tactically~*~*~ (outnumbered).
  7760 | D:9      | 7760 ||| Stepping ~*~*~tactically~*~*~ (outnumbered).
  7761 | D:9      | 7761 ||| Stepping ~*~*~tactically~*~*~ (outnumbered).
  7762 | D:9      | 7762 ||| Stepping ~*~*~tactically~*~*~ (outnumbered).
  7763 | D:9      | 7763 ||| Stepping ~*~*~tactically~*~*~ (outnumbered).
  7765 | D:9      | 7765 ||| Stepping ~*~*~tactically~*~*~ (outnumbered).
  7765 | D:9      | HP: 19/105 [orc warrior/+0 long sword (15)]
  7766 | D:9      | 7766 ||| DRINKING potion of heal wounds.
  7767 | D:9      | 7767 ||| Stepping ~*~*~tactically~*~*~ (outnumbered).
  7769 | D:9      | 7769 ||| Stepping ~*~*~tactically~*~*~ (outnumbered).
  7772 | D:9      | 7772 ||| Stepping ~*~*~tactically~*~*~ (outnumbered).
  7772 | D:9      | HP: 16/105 [orc warrior/+0 halberd (13)]
  7772 | D:9      | HP: 4/105 [orc priest/divine providence (12)]
  7773 | D:9      | Slain by an orc warrior

Levels and vault maps discovered:
D:1:      heliophobic_arrival_enchanted_forest, layout_basic,
          hellmonk_ecumenical_altar_blasted, lemuel_another_geyser
D:2:      layout_basic, minmay_misc_feat_roman, minmay_pentomino_o4,
          uniq_crazy_yiuf_cottage, uniq_natasha
D:3:      layout_basic, amcnicky_altar_gilded
D:4:      layout_basic, nicolae_elevator_lobby_asterisk, uniq_grinder
D:5:      kennysheep_spiral_hall, layout_cave_pods, st_stairs_6,
          amcnicky_mini_pool_small, nicolae_shop_firing_range
D:6:      layout_basic, overflow_temple_1_default,
          grunt_dithmenos_smoke_and_mirrors, nicolae_overflow_hidden_temple,
          serial_shops, shop
D:7:      layout_basic, minmay_temple_entry_statues_pillars, serial_shops,
          nicolae_shop_advertising_works [nicolae_subvault_shop_adworks]
D:8:      layout_loops_cross, minmay_misc_feat_doors, minmay_evil_grid
D:9:      layout_small_grid, lemuel_doored_altar, lemuel_round_altar,
          david_orc_5, hellmonk_guarded_unrand_cigotuvi

Skill      XL: |  1  2  3  4  5  6  7  8  9 10 11 |
---------------+----------------------------------+-----
Throwing       | 1 2 3 5 |  5.9
Unarmed Combat | 4 5 7 8 10 12 14 | 14.0
Fighting       | 3 4 5 6 |  6.1
Dodging        | 1 2 3 |  3.0
Spellcasting   | |  1.0
Fire Magic     | |  2.1

Action                   |  1- 3 |  4- 6 |  7- 9 | 10-12 || total
-------------------------+-------+-------+-------+-------++-------
Melee: Unarmed           |    50 |   104 |   181 |    96 ||   431
       Punch             |     1 |     1 |     5 |     7 ||    14
Throw: Large rock        |    12 |    22 |    16 |     1 ||    51
       Boomerang         |       |     4 |    28 |     4 ||    36
       Javelin           |       |       |     5 |       ||     5
Invok: Fiery Armour      |     2 |       |     4 |     2 ||     8
  Use: Scroll            |     4 |     7 |    12 |     3 ||    26
       Potion            |     1 |     2 |     3 |     3 ||     9
Armor: Robe              |    13 |    42 |    50 |    34 ||   139
Dodge: Dodged            |    16 |    41 |    54 |    34 ||   145
       Repelled          |       |       |       |     1 ||     1

Table legend:
 A = Non-vault XP
 B = Vault XP
 C = Vault XP percentage of total XP
 D = Non-vault monster count
 E = Vault monster count
 F = Vault count percentage of total count
                 A         B        C        D         E       F
            +---------+---------+-------+---------+---------+-------
      Total |    5281 |    6679 |  55.8 |     130 |      32 |  19.8
            +---------+---------+-------+---------+---------+-------
        D:1 |      16 |       0 |   0.0 |      13 |       0 |   0.0
        D:2 |     191 |      39 |  17.0 |      24 |       4 |  14.3
        D:3 |     106 |       0 |   0.0 |      17 |       0 |   0.0
        D:4 |     379 |     262 |  40.9 |      16 |       1 |   5.9
        D:5 |     391 |     400 |  50.6 |       8 |       8 |  50.0
        D:6 |    1156 |       0 |   0.0 |      16 |       0 |   0.0
        D:7 |     814 |       0 |   0.0 |      19 |       0 |   0.0
        D:8 |    2092 |    3843 |  64.8 |      14 |       9 |  39.1
        D:9 |     136 |    2135 |  94.0 |       3 |      10 |  76.9
            +---------+---------+-------+---------+---------+-------
